[Event "85th Tata Steel Masters 2023"]
[White "Abdusattorov,Nodirbek"]
[Black "Caruana,Fabiano"]
[Site "Wijk aan Zee"]
[Round "2.1"]
[Annotator "TA"]
[Result "1/2-1/2"]
[Date "2023.01.15"]
[WhiteElo "2713"]
[BlackElo "2766"]
[PlyCount "108"]
[TimeControl "60"]

1. d4 d5 2. c4 e6 3. Nf3 Nf6 4. Nc3 Bb4 5. cxd5 exd5 6. Bg5 h6 7. Bh4 O-O {[%emt 0:1:30] D38: Queen's Gambit Declined: Ragozin Defence (4 Nf3 Bb4).} 8. e3 Bf5 9. Ne5 c5 10. Be2 {[%emt 0:0:20] [#]} cxd4 $146 (10... Nc6 {with more complications.} 11. O-O cxd4 12. exd4 Bxc3 13. bxc3 g5 )({Predecessor:} 10... Nc6 11. O-O cxd4 12. exd4 Be7 13. Re1 Re8 14. Bf3 Be6 15. a3 Qb6 16. Bxf6 Bxf6 17. Nxd5 Bxd5 18. Bxd5 Nxe5 19. dxe5 Bxe5 {½-½ Borisova,E (2250)-Cherniaiev,T (2209) Titled Tuesday intern op 08th Feb Early blitz 2022 (6)} )11. Qxd4 Qb6 12. Qxb6 axb6 13. Bxf6 gxf6 14. Nd3 Bxd3 15. Bxd3 Nc6 16. Ke2 Bxc3 17. bxc3 Ra3 18. Rhb1 Rfa8 19. Rxb6 Rxa2+ 20. Rxa2 Rxa2+ $14 {[%emt 0:0:2][%mdl 4096] Endgame KRB-KRN} 21. Ke1 Ne5 22. Bb1 Ra3 23. Ke2 ({Much worse is} 23. Rxf6 Ra1 24. Rb6 Nc4 $11 )Kg7 24. Rxb7 Rxc3 25. Rb5 {[%emt 0:0:6] White is more active.} Rc1 26. Bf5 Nc6 27. Rxd5 Ne7 28. Rb5 Nxf5 29. Rxf5 $16 {[%emt 0:0:3] KR-KR} Ra1 (29... Kg6 $16 30. Ra5 Rh1 )30. Kf3 Ra2 (30... Rh1 $16 31. h3 Kg6 )31. Kg4 Kg6 32. Rf3 Rb2 33. Kh4 Ra2 (33... f5 $16 {was worth a try.} 34. Rf4 h5 )34. Rf4 Rb2 (34... f5 $16 {was necessary.} 35. Kg3 Ra6 )35. Rg4+ Kh7 36. Kg3 Ra2 37. Kf3 Rb2 (37... f5 $16 {was called for.} 38. Rb4 Ra6 )38. h3 Ra2 (38... f5 $16 39. Ra4 Rb6 )39. e4 Rb2 40. Ke3 Ra2 41. f4 (41. Rf4 $16 )Ra1 42. Kd4 Rd1+ 43. Kc5 Re1 44. f5 Rd1 45. h4 (45. Kc4 $14 )h5 $11 {[%emt 0:0:0] The position is equal.} 46. Rg3 Rd2 47. Kc4 Kh6 48. Kc3 Ra2 {[%emt 0:0:0] [#] ( -> ...Ra3+)} 49. Kd4 Rd2+ 50. Ke3 Ra2 51. Kf3 Ra3+ 52. Kf4 Ra2 53. Kf3 Ra3+ 54. Kf4 Ra2 {[%emt 0:0:0] White really could win this.   Weighted Error Value: White=0.18 (very precise) /Black=0.14 (very precise)} 1/2-1/2

[Event "85th Tata Steel Masters 2023"]
[White "Ding,Liren"]
[Black "Maghsoodloo,Parham"]
[Site "Wijk aan Zee"]
[Round "2.2"]
[Annotator "TA"]
[Result "1/2-1/2"]
[Date "2023.01.15"]
[WhiteElo "2811"]
[BlackElo "2719"]
[PlyCount "158"]
[TimeControl "60"]

1. e4 e5 2. Nf3 Nc6 3. Bb5 a6 4. Ba4 Nf6 5. O-O b5 6. Bb3 Bc5 7. a4 Rb8 8. c3 d6 9. d4 Bb6 10. a5 {[%emt 0:1:53] C78: Ruy Lopez: Archangelsk and Möller Defences.} Ba7 (10... Bxa5 $2 11. dxe5 (11. d5 Ne7 $18 )dxe5 12. Qxd8+ Kxd8 13. Bd5 (13. Bxf7 Bb6 $16 )Nxd5 14. exd5 $18 )11. h3 O-O 12. Be3 Ra8 {[%emt 0:0:3] 12...Re8 is the fancy move.} 13. Nbd2 Bb7 14. Re1 Re8 15. Ng5 Re7 16. Ndf3 h6 $1 17. Nxf7 {[%emt 0:7:49][%mdl 64] Deflection} Rxf7 18. dxe5 Bxe3 $1 19. exf6 Ba7 {[%emt 0:0:49][%cal Yd8f6] [#]} 20. fxg7 $146 {[%emt 0:25:31] [#]} ({Predecessor:} 20. Bxf7+ Kxf7 21. Qd5+ Kf8 22. e5 dxe5 23. fxg7+ Kxg7 24. Qe4 Qf6 25. Rad1 Rd8 26. Qg4+ Kh7 27. Rxd8 Nxd8 28. Rxe5 Nf7 29. Re6 {1-0 Kurmann,O (2466)-Kenneskog,T (2307) Sitges Sunway op 8th 2021 (4)} )Qf6 $1 21. Qd5 {[%emt 0:6:41] The board is on fire.} Kxg7 (21... Re8 {seems wilder.} 22. Qxf7+ Qxf7 23. Bxf7+ Kxf7 24. b4 Kxg7 25. Re2 Nd8 )22. Qxf7+ Qxf7 23. Bxf7 Kxf7 24. e5 Nxe5 25. Nxe5+ dxe5 26. Rxe5 Rg8 (26... Rd8 $11 )27. g4 $14 {[%emt 0:2:39] Rae1 would be deadly.} Rd8 28. Rae1 Rd7 {[%emt 0:6:13][%cal Yb5b4] Prevents Re7+} 29. Kh2 (29. b4 $14 )c5 (29... Bd5 $11 {keeps the balance.} )30. Rf5+ $16 Kg7 31. Kg3 {[%emt 0:5:39] White is more active.} Bb8+ 32. Kh4 $1 Bc7 33. Re6 $1 Bd5 34. Rxa6 b4 35. Kh5 {[%emt 0:4:55] And now Rg6+ would win.} Bf7+ {[%emt 0:0:19] [#]} 36. Rxf7+ $1 {[%emt 0:0:6][%mdl 576] Deflection} Kxf7 37. Kxh6 (37. Rxh6 $6 Rd5+ 38. g5 bxc3 39. Rf6+ (39. bxc3 Bxa5 40. Rf6+ Kg7 $11 )Kg7 40. bxc3 (40. Rg6+ Kf7 $11 )Bxa5 41. Rg6+ Kf7 $11 )(37. Ra7 $16 )bxc3 $11 38. bxc3 $16 {[%emt 0:0:4][%mdl 4096] Endgame KRB-KR} Be5 $1 39. Rc6 Bxc3 (39... Rd8 $1 $11 {and Black stays safe.} )40. Rxc5 $18 Bd2+ 41. g5 $1 {[%emt 0:52:31][%cal Yf2f4] aiming for f4!} Rd4 42. Kh5 {[%emt 0:0:0] Wards off Rh4+} (42. Rc7+ Kf8 $16 )Ra4 43. Rc7+ Kf8 44. Rd7 Bc3 (44... Be1 $16 {was called for.} )45. Kg6 Rxa5 {[%emt 0:0:0] [#]} 46. h4 (46. f4 $1 $18 Ra6+ 47. Kh5 )Ra6+ {[%emt 0:0:0] [#]} 47. Kh7 $1 {[%emt 0:0:5][%mdl 1024] White has strong compensation.} Ra4 48. h5 Rf4 $2 (48... Ke8 49. Rc7 Bd2 )49. Rd3 $2 (49. Rc7 Be5 50. Rc5 )Rf7+ 50. Kg6 Rg7+ 51. Kh6 Rc7 52. f4 {[%emt 0:0:17] f5 is the strong threat.} Rc6+ $2 (52... Kf7 )53. Kh7 $2 (53. g6 )Rc7+ 54. Kg6 Rc6+ 55. Kh7 $2 (55. Kf5 $18 )Rc7+ $1 $11 56. Kh6 $2 (56. Kg6 $11 Rc6+ 57. Kf5 )Rc6+ $1 $18 57. g6 Bf6 58. Ra3 {[%emt 0:0:7] Black must now prevent Ra8+.} Rc8 {[%emt 0:0:0] Prevents Ra8} 59. Ra6 Bc3 60. Ra7 $2 ({White should try} 60. Kg5 $18 )Kg8 $1 $11 61. Kg5 {[%emt 0:1:36] Threatens to win with h6.} Rc5+ 62. Kg4 Rc6 $1 63. Rd7 {[%emt 0:0:0] Hoping for Kg5.} Bb2 $1 64. Rd8+ Kg7 65. Rd7+ Kg8 66. Kg5 {[%emt 0:2:5] Threatening mate with Rd8+.} Rc5+ {[%emt 0:0:0] The position is equal.} 67. Kh6 Bf6 {[%emt 0:0:0] Prevents Rd8+.} 68. Rf7 Rc6 69. Ra7 {[%emt 0:0:38] Ra8+ would kill now.} Rd6 70. Ra8+ Rd8 $1 71. Ra7 Rd6 72. Rb7 ({Much less strong is} 72. Ra8+ Rd8 73. Ra6 (73. Rxd8+ Bxd8 74. g7 Bf6 $11 )Rf8 $16 )Rd8 73. f5 Rd6 74. Ra7 ({Don't play} 74. Rb8+ Rd8 75. Rb6 (75. Rxd8+ Bxd8 76. f6 Bxf6 $11 )Bd4 $14 )Rd8 75. Ra6 Rf8 76. Rc6 Bd8 77. Re6 Bf6 78. Rc6 Bd8 79. Re6 Bf6 {[%emt 0:0:3] Weighted Error Value: White=0.34/Black=0.26 (precise)} 1/2-1/2

[Event "85th Tata Steel Masters 2023"]
[White "Keymer,Vincent"]
[Black "Carlsen,Magnus"]
[Site "Wijk aan Zee"]
[Round "2.3"]
[Annotator "TA"]
[Result "0-1"]
[Date "2023.01.15"]
[WhiteElo "2696"]
[BlackElo "2859"]
[PlyCount "130"]
[TimeControl "60"]

1. d4 Nf6 2. c4 g6 3. Nc3 d5 4. Nf3 Bg7 5. Bg5 Ne4 6. Bf4 Nxc3 7. bxc3 c6 8. e3 O-O 9. Qb3 Qa5 10. Be2 {[%emt 0:10:10] D91: Grünfeld: 4 Nf3 Bg7 5 Bg5.} dxc4 11. Bxc4 Nd7 {[%emt 0:0:17] [#]} 12. Bg5 $146 {[%emt 0:15:52] The position is equal.} ({Predecessor:} 12. O-O Qf5 13. Bg3 Nb6 14. Be2 c5 15. a4 Qe6 16. Qxe6 Bxe6 17. Rfb1 Nd5 18. Ra3 cxd4 19. exd4 b6 20. c4 Nf6 21. a5 Ne4 22. axb6 axb6 23. Rab3 Ra4 {½-½ Bartos,J (2213)-Pecha,T (2260) Frydek Mistek IM 2012 (4)} )b5 13. Be2 Re8 14. O-O {[%emt 0:6:31] Threatening a4.} Nb6 15. e4 Be6 16. Qc2 {[%emt 0:0:24] [#]} c5 $1 17. d5 (17. Rac1 Bc4 )Bg4 18. Bd2 e6 19. Rab1 c4 20. dxe6 Rxe6 21. Nd4 Bxe2 22. Nxe2 a6 23. Nd4 ({White should try} 23. Be3 )Ree8 $17 24. Rfe1 Na4 25. Nc6 Qc7 26. Nb4 Nc5 {[%emt 0:0:38] Black is more active.} (26... Qb7 $142 27. h3 (27. Nd5 Nc5 $17 )Nb6 )27. Nd5 (27. f3 $17 )Qc6 28. Bg5 {[%emt 0:1:34] [#]} (28. Nb4 $17 {might work better.} Qb7 29. f3 )Nxe4 $1 $19 {[%emt 0:3:45][%mdl 576] Remove Defender, Decoy} 29. Ne7+ {[%emt 0:0:5] [#]} (29. Rxe4 Qxd5 )Rxe7 $1 30. Bxe7 Nxc3 31. Rbc1 {[%emt 0:0:3] White is weak on the light squares} a5 {[%emt 0:0:40] Repels Bb4} 32. Bg5 b4 {[%emt 0:0:44] aiming for ...a4.} 33. Bd2 Rd8 34. h4 Rd3 35. h5 gxh5 {[%emt 0:0:17] Hoping for ...Bh6.} 36. Bxc3 Bxc3 (36... Rxc3 37. Qf5 $11 )37. Qe2 Qd5 {[%emt 0:2:26] Prevents Qe4.} (37... Bxe1 38. Qxd3 Bxf2+ 39. Kf1 $15 (39. Kxf2 $2 Qf6+ 40. Qf3 Qb2+ 41. Qe2 Qxc1 $19 ))38. Qe8+ Kg7 39. Re3 h6 40. Qe4 Qxe4 41. Rxe4 {[%emt 0:50:4][%mdl 4096] Endgame KRR-KRB} b3 42. Rxc4 {[%emt 0:0:0] [#]} bxa2 43. Ra4 (43. R4xc3 $2 {too greedy.} Rxc3 44. Ra1 Rc2 $19 )a1=Q ({Worse is} 43... a1=B 44. Rcxa1 Bxa1 45. Rxa1 )44. Rcxa1 Bxa1 45. Rxa1 {[%emt 0:0:0] KR-KR} Rd5 46. Ra4 Kf6 47. Kf1 Ke6 48. Ke2 Rf5 49. f3 Kd6 50. Rc4 (50. Kd3 $142 )Rc5 (50... Rg5 $142 51. Kf2 Rb5 )51. Rf4 Re5+ 52. Kd3 $2 (52. Kf2 )Ke6 53. Ra4 Kf6 54. Rf4+ Kg6 55. Ra4 Rg5 56. Ra2 Re5 57. Ra4 $1 f6 58. g3 (58. f4 $142 Rb5 59. Ke3 )Rg5 59. Ke3 Rxg3 {[%emt 0:0:0] ...Rg2 would be deadly.} 60. Rxa5 h4 {[%emt 0:0:0][%cal Yh5h4,Yh4h3][%mdl 32] ( -> ...h3)} 61. Ra8 (61. Kf2 $19 )Kh5 62. Kf2 Rg6 63. Ra5+ Rg5 64. Ra3 h3 65. f4 Rg2+ {[%emt 0:0:0] Weighted Error Value: White=0.38/Black=0.15 (very precise)} 0-1

[Event "85th Tata Steel Masters 2023"]
[White "So,Wesley"]
[Black "Erigaisi Arjun"]
[Site "Wijk aan Zee"]
[Round "2.4"]
[Annotator "TA"]
[Result "1/2-1/2"]
[Date "2023.01.15"]
[WhiteElo "2760"]
[BlackElo "2722"]
[PlyCount "96"]
[TimeControl "60"]

1. Nf3 Nf6 2. c4 c5 3. Nc3 Nc6 4. g3 d5 5. d4 cxd4 6. Nxd4 e5 {[%emt 0:0:24] A34: Symmetrical English: 2 Nc3, lines with ...d5.} 7. Nxc6 bxc6 8. Bg2 Rb8 {[%emt 0:0:8] White is slightly better.} (8... dxc4 9. Bxc6+ Bd7 10. Bxa8 Qxa8 11. f3 $16 )9. O-O d4 10. Ne4 (10. Bxc6+ $14 Bd7 11. Bxd7+ Qxd7 12. Na4 )Nxe4 $11 11. Bxe4 Qc7 12. Qc2 {[%emt 0:3:20] [#]} Be6 $146 (12... g6 $11 )({Predecessor:} 12... Bh3 13. Re1 Bb4 14. Rd1 Qc8 15. a3 Be7 16. e3 f5 17. Bh1 dxe3 18. Bxe3 O-O {½-½ Gonzalez Parejo,R (2221)-Echavarria,J (2274) COL pre olympic sf3 2019 (3)} )13. f4 $1 $14 exf4 14. Bxf4 Bd6 15. c5 Bxf4 16. Rxf4 a5 17. Rd1 Rb4 18. b3 ({Much worse is} 18. Bxh7 $6 d3 19. Qxd3 (19. exd3 $2 Rxf4 20. gxf4 Rxh7 $19 )Rxf4 20. gxf4 g6 21. Bxg6 fxg6 $11 )g5 {[%emt 0:7:40] [#]} ({Better is} 18... h5 )19. Rf3 $1 $16 {[%emt 0:2:45] White is more active.} Qe5 20. Bxc6+ ({Much less strong is} 20. Bxh7 $6 Rb5 $14 )Ke7 21. Ba4 ({White should play} 21. e4 $16 )h5 $1 $14 22. a3 Rbb8 23. e3 Rbd8 24. exd4 Rxd4 25. Rxd4 (25. Rdf1 {is more complex.} h4 26. Qc3 hxg3 27. Rxg3 Rd5 28. Qxe5 Rxe5 29. Rc1 )Qxd4+ 26. Rf2 $1 Rd8 27. Qb2 $1 Qxb2 28. Rxb2 $11 {[%emt 0:0:2][%mdl 4096] Endgame KRB-KRB} Rd1+ 29. Kf2 Ra1 30. c6 Rxa3 31. c7 {[%emt 0:0:32] [#] And now Re2 would win.} Ra1 32. Rc2 {[%emt 0:0:36] Repels Rc1} Bc8 33. Ke3 Rd1 34. Rc5 f5 35. h4 gxh4 36. gxh4 (36. Rxa5 $2 {is the wrong capture.} hxg3 37. Bc6 Rc1 $19 )Kd6 37. Rc6+ Ke5 38. Bb5 f4+ 39. Kf2 Rd2+ 40. Ke1 Rd6 41. Rc2 f3 42. Kf2 Rd4 43. Rc6 {[%emt 0:0:0] aiming for Ba6.} Rxh4 44. Bc4 Rh2+ 45. Kxf3 {[%emt 0:0:0][%cal Yc4e6] Threatens to win with Be6!} Rc2 $1 46. Ke3 h4 47. Kd3 Bf5+ 48. Ke3 {[%emt 0:0:0] Rc5+ would be deadly.} Bc8 $1 {[%emt 0:0:9] Weighted Error Value: White=0.08 (flawless) /Black=0.06 (flawless)} 1/2-1/2

[Event "85th Tata Steel Masters 2023"]
[White "Aronian,Levon"]
[Black "Praggnanandhaa R"]
[Site "Wijk aan Zee"]
[Round "2.5"]
[Annotator "TA"]
[Result "1/2-1/2"]
[Date "2023.01.15"]
[WhiteElo "2735"]
[BlackElo "2684"]
[PlyCount "63"]
[TimeControl "60"]

1. e4 e5 2. Nf3 Nc6 3. Bb5 a6 4. Ba4 Nf6 5. O-O Nxe4 6. d4 b5 7. Bb3 d5 8. Nxe5 Nxe5 9. dxe5 c6 10. Be3 Be7 11. c3 {[%emt 0:0:24] C80: Open Ruy Lopez: Sidelines and 9 Nbd2.} O-O 12. Bc2 f5 13. exf6 Nxf6 14. h3 {[%emt 0:0:22] Prevents Ng4.} Be6 15. Nd2 {[%emt 0:9:31] [#]} Qd7 $146 ({Predecessor:} 15... Qc8 16. Nf3 Bd6 17. Ng5 Bf5 18. Qb1 Bxc2 19. Qxc2 h6 20. Nf3 Ne4 21. Nd2 Nxd2 22. Bxd2 Qe6 23. Rae1 Qf6 24. Re2 Rae8 25. Rxe8 Rxe8 26. Re1 Rxe1+ {½-½ Reeh,O (2449)-Holzke,F (2479) Bundesliga 0506 2005 (1.5)} )16. f4 Bf5 17. Bxf5 {[%emt 0:0:43] The position is equal.} Qxf5 18. g4 Qd3 19. Rf3 Ne4 20. f5 {[%emt 0:3:50] [#] Hoping for Bf4.} Nxd2 21. Qxd2 Qxd2 (21... Qe4 {with more complications.} 22. Rff1 Bh4 23. Bf2 Bxf2+ 24. Kxf2 Qe5 )22. Bxd2 Rfe8 23. Kf1 Bh4 24. a4 h6 25. Re3 Bg5 26. Rxe8+ Rxe8 27. Bxg5 hxg5 28. axb5 axb5 $11 {[%emt 0:0:7] KR-KR} 29. Ra6 Re3 30. Rxc6 Rxh3 31. Rc5 d4 32. Kg2 {[%emt 0:6:41] An interesting draw.   Weighted Error Value: White=0.03 (flawless) /Black=0.03 (flawless)} 1/2-1/2

[Event "85th Tata Steel Masters 2023"]
[White "Giri,Anish"]
[Black "Gukesh D"]
[Site "Wijk aan Zee"]
[Round "2.6"]
[Annotator "TA"]
[Result "1-0"]
[Date "2023.01.15"]
[WhiteElo "2764"]
[BlackElo "2725"]
[PlyCount "53"]
[TimeControl "60"]

1. d4 Nf6 2. c4 e6 3. Nf3 d5 4. Nc3 Bb4 5. Bg5 h6 6. Bxf6 Qxf6 7. e3 O-O 8. Rc1 dxc4 9. Bxc4 c5 10. O-O {[%emt 0:0:12] Strongly threatening Ne4.} cxd4 {[%emt 0:0:12] D38: Queen's Gambit Declined: Ragozin Defence (4 Nf3 Bb4).} 11. Ne4 Qe7 12. a3 Ba5 {[%emt 0:0:39] The position is equal.} 13. exd4 $5 {[%emt 0:0:13][%mdl 4] A promising side line.} Rd8 {[%emt 0:2:55] [#]} 14. Rc2 $5 $146 {[%emt 0:0:45][%cal Yc1c2,Yc2e2,Ye2e6][%mdl 8] An interesting novelty.} ({Predecessor:} 14. Ba2 Bd7 15. b4 Bb6 16. Re1 Bc6 17. Qc2 Na6 18. h4 Nc7 19. Bb1 Nb5 20. Nc3 {0-1 Mamedyarov,S (2759)-Erigaisi,A (2689) FTX Road to Miami Prelim 2022 (10)} )Bd7 15. Re2 Bc6 16. Qc2 Bb6 (16... Rc8 $11 17. Ne5 Bd5 )17. Rfe1 {[%emt 0:25:39][%cal Ye4g5] Neg5! would be deadly.} (17. h4 {simplifies} Bxe4 18. Rxe4 Nd7 19. Rfe1 )Kh8 $2 {[%emt 0:11:58] [#]} ({Much worse is} 17... Bxd4 18. Ned2 $17 )({Black should play} 17... Bd5 $14 )18. Neg5 $1 $18 hxg5 {[%emt 0:0:6] [#]} 19. Rxe6 $1 fxe6 20. Rxe6 Qxe6 21. Bxe6 Bxf3 (21... Bxd4 {gets mated.} 22. Nxg5 Bxf2+ 23. Kxf2 )22. Qf5 {[%emt 0:27:55] Prevents Bd5. Threatening mate with Qh3+.} Be4 (22... Bh5 $2 23. Qxg5 $18 )23. Qxe4 {[%emt 0:12:2] White threatens Qg6 and mate.} Rxd4 $2 {[%emt 0:0:8][%mdl 8192] A mistake that costs the game.} (23... Re8 $16 )24. Qf3 {[%emt 0:2:33][%cal Rf3h5] White is clearly winning.} (24. Qxb7 $2 Rd1# )g4 25. Qf8+ ({And not} 25. Bxg4 Nc6 $11 )Kh7 26. Bf5+ Kh6 27. Bc2 {[%emt 0:0:22] Wards off Rd1+. Beautiful play by Giri!   Weighted Error Value: White=0.13 (very precise) /Black=0.50} 1-0

[Event "85th Tata Steel Masters 2023"]
[White "Van Foreest,Jorden"]
[Black "Rapport,Richard"]
[Site "Wijk aan Zee"]
[Round "2.7"]
[Annotator "TA"]
[Result "1/2-1/2"]
[Date "2023.01.15"]
[WhiteElo "2681"]
[BlackElo "2740"]
[PlyCount "109"]
[TimeControl "60"]

1. e4 e5 2. Nf3 Nf6 3. Nxe5 d6 4. Nf3 Nxe4 5. d4 d5 6. Bd3 Nc6 7. O-O Be7 8. Re1 Bg4 9. c4 Nf6 10. Nc3 Bxf3 11. Qxf3 Nxd4 12. Qh3 {[%emt 0:4:53] C42: Petroff Defence: 3 Nxe5 and unusual White 3rd moves.} dxc4 13. Bxc4 Nc2 $1 14. Rd1 Qc8 {[%emt 0:0:58] [#] And now ...Qxh3 would win.} 15. Qxc8+ $146 (15. Qg3 {is interesting.} O-O 16. Rb1 Bd6 17. Qh4 )({Predecessor:} 15. Qg3 O-O 16. Rb1 Bd6 17. Qh4 Qg4 18. Qxg4 Nxg4 19. h3 Nf6 20. Bg5 Be5 21. Nd5 c6 22. Bxf6 {½-½ Caruana,F (2670)-Gelfand,B (2755) Biel GM 42nd 2009 (6)} )Rxc8 16. Rb1 O-O 17. Bb3 {[%emt 0:1:27] A strong pair of Bishops.} Nb4 18. Be3 a5 19. a3 Na6 20. Nd5 Nxd5 21. Rxd5 b6 $1 22. Bc4 Nc5 23. g3 g6 24. b4 axb4 25. axb4 Ne4 {[%emt 0:3:11] ...Nc3 would be deadly.} 26. Re5 Nd6 27. Rxe7 Nxc4 28. Bf4 $1 f6 29. Rc1 b5 30. Rxc7 g5 31. Rxc8 Rxc8 $11 {[%emt 0:0:12][%mdl 4096] Endgame KRB-KRN} 32. Be3 Kf7 33. Bc5 Nb2 $1 34. Ra1 Nd3 35. Be3 Rc4 36. Rd1 Rc3 37. Kf1 Rb3 38. h4 gxh4 39. gxh4 h5 40. Ke2 Ne5 41. Bc5 $1 {[%emt 0:3:50] The position is equal.} Rb2+ 42. Ke3 Ke6 43. Ke4 {[%emt 0:2:29] Threatens to win with Rd6+.} Re2+ 44. Kf4 Ng6+ 45. Kf3 Rb2 46. Rd6+ Kf5 47. Rb6 Rb3+ 48. Ke2 Nxh4 49. Be7 Nf3 50. Rxf6+ Ke4 51. Re6+ Kd5 52. Rd6+ Ke4 {[%emt 0:0:8] aiming for ...Nd4+.} 53. Re6+ Kd5 54. Rd6+ Ke5 {[%emt 0:1:51] [#] White must now prevent ...Nd4+.} 55. Rh6 $1 {[%emt 0:1:3] Weighted Error Value: White=0.04 (flawless) /Black=0.04 (flawless)} 1/2-1/2